 Dungeon Sprint DCSS version 0.18-a0-1789-gbeff17f (webtiles) character file.

0 macross the Skirmisher (level 1, -4/19 HPs)
             Began as a Demonspawn Abyssal Knight on Apr 21, 2016.
             Was a Follower of Lugonu.
             Slain by a gnoll
             ... wielding a +0 spear
              (12 damage)
             ... in the Dungeon (Sprint VI: "Thunderdome").
             The game lasted 00:00:51 (57 turns).

macross the Skirmisher (Demonspawn Abyssal Knight)    Turns: 57, Time: 00:00:52

Health: -4/19      AC:  3    Str: 12    XL:     1   Next: 33%
Magic:  2/2        EV: 11    Int: 13    God:    Lugonu [*.....]
Gold:   0          SH:  0    Dex: 12    Spells: 0 memorised, 0 levels left

rFire  . . .     SeeInvis .     a - +1 hand axe
rCold  . . .     Gourm    .     b - +0 leather armour
rNeg   . . .     Faith    .     (no shield)
rPois  .         Spirit   .     (no helmet)
rElec  .         Dismiss  .     (no cloak)
rCorr  .         Reflect  .     (no gloves)
SustAt .         Harm     .     (no boots)
MR     .....     NoTele   +     (no amulet)
Stlth  +.........               (no ring)
                                (no ring)

@: confused, not resistant to hostile enchantments, very unstealthy
A: no striking features
a: Renounce Religion


You were in the Dungeon.
You worshipped Lugonu.
Lugonu was aware of your devotion.
You were not hungry.

You visited 1 branch

Inventory:

Hand Weapons
 a - a +1 hand axe (weapon)
Armour
 b - a +0 leather armour (worn)
Scrolls
 i - a scroll of blinking
Potions
 d - a potion of curing
 e - a potion of heal wounds
 f - a potion of haste
 g - 2 potions of magic
 h - a potion of berserk rage
Comestibles
 c - a bread ration


   Skills:
 + Level 3.7 Fighting
 + Level 1.8 Axes
 + Level 2.1 Armour
 + Level 1.0 Dodging
 + Level 2.6 Invocations


You couldn't memorise any spells.
You didn't know any spells.

Dungeon Overview and Level Annotations

Branches:
Dungeon (1/1)

Altars:
Cheibriados
Dithmenos
Gozag
Kikubaaqudgha
Makhleb
Pakellas
Qazlal
Ru
Sif Muna
Trog
Xom
Yredelemnul
Zin
The Shining One
Jiyva
Lugonu

Shops:
D *[%???:(!!!!

Annotations:
D Sigmund


Message History

50...
Sigmund shouts!
The bat completely misses you. The bat barely misses you.
Found Luett's Do-It-Yourself Clinic.
Found three altars.
A worm comes into view.
The bat barely misses you. Sigmund gestures at you while chanting.
You are confused.
You bump into the granite statue.
The bat hits you but does no damage. x2
Sigmund closely misses you. The gnoll barely misses you.
The bat completely misses you. The gnoll hits you with a spear.
Found Sichasai's Distillery and Kurib's Bottled Wisdom.
The bat hits you but does no damage. Sigmund barely misses you.
The gnoll closely misses you. The bat hits you but does no damage.
Sigmund hits you from afar with a scythe of protection.
The gnoll hits you with a spear!
Ouch! That really hurt!
You die...

#........_# #_......._#
#_........#
###.........###
#⌠...........⌠#
#####.8.........8.######
∩_._......###......___∩#
........8.# #.8........∩
..........###...@gb.w...
.......###...###........
.......# #.<.# #@.......
.......###...# #........
..........###...........
........8.# .8........∩
∩___......# .....___∩#
#####.8...... ..8.######
#⌠........ ..⌠#


You could see Sigmund, a worm, a gnoll and a bat.

Vanquished Creatures
  A dart slug (D)
1 creature vanquished.

Notes
Turn   | Place    | Note
--------------------------------------------------------------
     0 | D        | macross the Demonspawn Abyssal Knight began the quest for the Orb.
     0 | D        | Reached XP level 1. HP: 18/18 MP: 2/2
     1 | D        | Found an oddly glowing altar of Pakellas.
     1 | D        | Found a bloodstained altar of Trog.
     2 | D        | Found a viscous altar of Jiyva.
     3 | D        | Found a sacrificial altar of Ru.
     3 | D        | Found a glowing golden altar of the Shining One.
     4 | D        | Found Bonee's Identification Station.
     4 | D        | Found a basalt altar of Yredelemnul.
     4 | D        | Found Keyl's Bee Food.
     5 | D        | Found Qocuva Elau's Advanced Armour.
     5 | D        | Found Ycaotoexa's Jewellery.
     5 | D        | Round 1.
    24 | D        | Found a shadowy altar of Dithmenos.
    25 | D        | Found an opulent altar of Gozag.
    29 | D        | Found Puptuo Sahi's Magic Scroll Shop.
    31 | D        | Found Kist's Magic Scroll Shop.
    31 | D        | Found Ygynup's Must-Have Magic.
    32 | D        | Found a corrupted altar of Lugonu.
    32 | D        | Found a snail-covered altar of Cheibriados.
    32 | D        | Found Decsis's Staff Store.
    43 | D        | Reached skill level 1 in Dodging
    44 | D        | Found a shimmering altar of Xom.
    46 | D        | Found a stormy altar of Qazlal.
    50 | D        | Found a glowing silver altar of Zin.
    50 | D        | Found Kerrudi's Distillery.
    51 | D        | Noticed Sigmund
    52 | D        | Found a burning altar of Makhleb.
    52 | D        | Found a deep blue altar of Sif Muna.
    52 | D        | Found an ancient bone altar of Kikubaaqudgha.
    52 | D        | Found Luett's Do-It-Yourself Clinic.
    55 | D        | Found Sichasai's Distillery.
    55 | D        | Found Kurib's Bottled Wisdom.
    57 | D        | Slain by a gnoll

Vault maps used:
D:        arena_sprint

Skill      XL: |  1 |
---------------+----+-----
Armour         | 2 |  2.1
Dodging        | 1 |  1.0
Fighting       | |  3.7
Axes           | |  1.8
Invocations    | |  2.6

Action                   || total
-------------------------++-------
Melee: Hand axe          ||     5
Armor: Leather armour    ||     5
Dodge: Dodged            ||    10
